 Dungeon Crawl Stone Soup version 0.30-a0-800-g7c544603b3 (webtiles) character file.

Game seed: 7001763946843836069

49 Khashishi the Stinger (level 3, -1/28 HPs)
             Began as a Naga Venom Mage on Feb 22, 2023.
             Slain by Pargi (2 damage)
             ... on level 3 of the Dungeon.
             The game lasted 00:09:29 (1277 turns).

Khashishi the Stinger (Naga Venom Mage)             Turns: 1277, Time: 00:09:29

Health: -1/28      AC:  2    Str: 10    XL:     3   Next: 75%
Magic:  1/6        EV:  9    Int: 17    God:
Gold:   142        SH:  0    Dex: 11    Spells: 0/6 levels left

rFire   . . .      SeeInvis +    f - +0 dagger
rCold   . . .      Faith    .    (no shield)
rNeg    . . .      Spirit   .    a - +0 robe
rPois   +          Reflect  .    (no helmet)
rElec   .          Harm     .    (no cloak)
rCorr   .          Rampage  .    (no gloves)
Will    .....                    (no barding)
Stlth   ++                       (no amulet)
HPRegen 0.24/turn                (no ring)
MPRegen 0.10/turn                (no ring)

@: very slow
A: AC +1, large, see invisible, deformed body, poison resistance, slowness 2,
spit poison 1, naga tail 1
a: Spit Poison


You were on level 3 of the Dungeon.
You visited 1 branch of the dungeon, and saw 3 of its levels.

You collected 142 gold pieces.

Inventory:

Hand Weapons
 f - a +0 dagger (weapon)
 l - a +0 whip of flaming
Armour
 a - a +0 robe (worn)
Scrolls
 h - a scroll of identify {unknown}
Potions
 b - a potion of magic
 e - 2 potions of curing {unknown}
 g - a potion of invisibility {unknown}
 j - a potion of attraction {unknown}
 k - a potion of brilliance {unknown}


   Skills:
 - Level 1.5 Dodging
 + Level 3.8 Stealth
 + Level 2.4 Spellcasting
 + Level 0.2 Conjurations
 + Level 1.7 Transmutations
 + Level 0.8 Air Magic
 + Level 4.5 Poison Magic


You couldn't memorise any spells.
You knew the following spells:

 Your Spells              Type           Power      Damage    Failure   Level
a - Sting                 Tmut/Pois      48%        1d5       4%          1
b - Poisonous Vapours     Pois/Air       22%        N/A       10%         2
c - Mephitic Cloud        Conj/Pois/Air  8%         N/A       26%         3

Your spell library contained the following spells:

 Spells                   Type           Power      Damage    Failure   Level
 Olgreb's Toxic Radiance  Pois           17%        N/A       28%         4


Dungeon Overview and Level Annotations

Branches:
Dungeon (3/15)

Altars:

Shops:
D:1 [

Annotations:
D:2 Robin, Terence
D:3 Pargi


Innate Abilities, Weirdness & Mutations

Your serpentine skin is tough. (AC +1)
You have supernaturally acute eyesight. (SInv)
Armour fits poorly on your strangely shaped body.
Your system is resistant to poisons. (rPois)
You cover ground very slowly.
You can spit poison.
You have a snake-like lower body.


Message History

You hit Pargi.
Pargi is moderately wounded.
You barely miss Pargi.
Pargi is moderately wounded.
You have got your breath back.
Pargi bites you. Pargi claws you. Pargi claws you but does no damage.
Pargi bites himself.
Pargi barely misses himself.
Pargi claws himself.
You hit Pargi but do no damage.
Pargi is heavily wounded.
You catch the helpless Pargi completely off-guard!
You puncture Pargi!
Pargi is severely wounded.
Pargi bites you. Pargi closely misses you. Pargi claws you.
You hit Pargi.
Pargi is severely wounded.
Pargi barely misses you. Pargi claws you but does no damage.
Pargi barely misses you.
You barely miss Pargi.
Pargi is severely wounded.
Pargi closely misses you. Pargi claws you. Pargi closely misses you.
You hit Pargi but do no damage.
Pargi is severely wounded.
You barely miss Pargi.
Pargi is severely wounded.
A hobgoblin comes into view.
Casting: Sting (safe; 4% risk of failure)
Confirm with . or Enter, or press ? or * to list all spells.
Aiming: Poisonous Vapours (safe; 10% risk of failure)
Press: ? - help, Dir - move target, f/p - Pargi
Aim: Pargi (severely wounded, confused) Poisonous vapours surround Pargi!
Pargi is poisoned.
The hobgoblin shouts!
Pargi closely misses you. Pargi claws you. x2
* * * LOW HITPOINT WARNING * * *
You completely miss Pargi.
Pargi is heavily wounded.
Pargi bites you!
* * * LOW HITPOINT WARNING * * *
Pargi claws you.
You die...

#####........#
........##.#.#######
#....##.#.......#
####.#.....#.#####.##
#.(....##..#.........
#.##...#........##.#.
#.##.##.........#..##.#.
......gT#.#####.#.....#.
#..#.##@#.# #.....>.#. #
#.$...# #.#.##..#.
#.....# #.........
#.....# ######.###
#.....# ####.### ......#
#....... #######
#.##.##. #<#).# #.#.##


You could see Pargi (confused, poisoned) and a hobgoblin.

Vanquished Creatures
  A dart slug (D:1)
  8 ball pythons
  6 bats
  An endoplasm (D:1)
  10 goblins
  2 hobgoblins
  3 kobolds (D:1)
  3 quokkas
  3 frilled lizards
  6 rats
43 creatures vanquished.

Notes
Turn   | Place    | Note
-------+----------+-------------------------------------------
     0 | D:1      | Khashishi the Naga Venom Mage began the quest for the Orb.
     0 | D:1      | Reached XP level 1. HP: 15/15 MP: 3/3
    85 | D:1      | Reached XP level 2. HP: 21/22 MP: 1/5
    93 | D:1      | Learned a level 2 spell: Poisonous Vapours
   292 | D:1      | Reached XP level 3. HP: 19/28 MP: 2/6
   442 | D:1      | Found Rafubbou's Antique Armour Shoppe.
   901 | D:1      | Learned a level 3 spell: Mephitic Cloud
  1019 | D:2      | Noticed Terence
  1142 | D:2      | Noticed Robin
  1260 | D:3      | Noticed Pargi
  1277 | D:3      | HP: 1/28 [Pargi (7)]
  1277 | D:3      | Slain by Pargi

Illustrated notes

Levels and vault maps discovered:
D:1:      amcnicky_arrival_single_pillar, layout_basic, serial_forest,
          infiniplex_forest_clump_large, infiniplex_forest_straight_2,
          infiniplex_forest_clump_diagonal, infiniplex_forest_end_3,
          infiniplex_forest_clump_tiny, infiniplex_forest_lined_2,
          infiniplex_forest_diagonal, serial_shops, nicolae_shop_behind_doors,
          minmay_indecisive_spiral
D:2:      kb_forest_paths, layout_basic, feat_on_display, uniq_robin,
          uniq_terence, uniq_crazy_yiuf_cottage, uniq_sigmund
D:3:      layout_loops_cross, gammafunk_temple_overflow_forgotten, uniq_pargi

Action                     || total
---------------------------++-------
  Melee: Dagger            ||    22
         Whip              ||     4
   Cast: Sting             ||    24
         Mephitic Cloud    ||     2
         Poisonous Vapours ||     1
Ability: Spit Poison       ||    29
    Use: Scroll            ||     2
   Stab: Sleeping          ||     7
         Confused          ||     1
 Armour: Robe              ||     8
  Dodge: Dodged            ||    24

Table legend: (Time is in decaauts)
 A = Elapsed time spent in this place.
 B = Non-inter-level travel time spent in this place.
 C = Inter-level travel time spent in this place.
 D = Time resting spent in this place.
 E = Time spent auto-exploring this place.
 F = Levels seen in this place.
 G = Mean time per level.
                   A        B        C        D        E       F      G
               +--------+--------+--------+--------+--------+-----+--------+
         Total |   1702 |   1616 |     86 |     49 |   1128 |   3 |  567.3 |
       Dungeon |   1702 |   1616 |     86 |     49 |   1128 |   3 |  567.3 |
               +--------+--------+--------+--------+--------+-----+--------+

Top non-repeatable levels by time:
     D:1: 1316 daAuts
     D:2: 273 daAuts
     D:3: 112 daAuts
